 Dungeon Crawl Stone Soup version 0.21.1-1-g345015f (webtiles) character file.

423 Iko the Skirmisher (level 6, 0/66 HPs)
             Began as an Ogre Fighter on May 2, 2018.
             Was a Follower of Dithmenos.
             Splashed by a jelly's acid (8 damage)
             ... on level 7 of the Dungeon.
             The game lasted 00:19:51 (2174 turns).

Iko the Skirmisher (Ogre Fighter)                   Turns: 2174, Time: 00:19:52

Health: 0/66       AC: -8    Str: 23    XL:     6   Next: 95%
Magic:  7/7        EV:  9    Int: 10    God:    Dithmenos [*.....]
Gold:   185        SH:  9    Dex:  9    Spells: 5/5 levels left

rFire    . . .     SeeInvis .   h - +2 dagger (freeze)
rCold    . . .     Gourm    .   c - +0 shield
rNeg     . . .     Faith    .   b - +0 robe
rPois    .         Spirit   .   (helmet restricted)
rElec    .         Reflect  .   a - +0 cloak
rCorr    .         Harm     .   (gloves unavailable)
MR       +....                  (boots unavailable)
Stlth    +.........             (no amulet)
HPRegen  0.61/turn              e - ring of protection from magic
MPRegen  0.10/turn              (no ring)

@: corroded, wreathed by umbra
A: large, unfitting armour, high mp 1, regeneration 1, strong 1, tough skin 1
a: Renounce Religion


You were on level 7 of the Dungeon.
You worshipped Dithmenos.
Dithmenos was aware of your devotion.
You were hungry.

You visited 1 branch of the dungeon, and saw 7 of its levels.

You collected 185 gold pieces.

Inventory:

Hand Weapons
 h - a +2 dagger of freezing (weapon)
Armour
 a - a +0 cloak (worn)
 b - a +0 robe (worn)
 c - a +0 shield (worn)
 l - the +2 pair of gloves of Fun and Games {Str-2 Dex+3 Slay+2, unknown}
   (You found it on level 7 of the Dungeon)

   It affects your strength (-2).
   It affects your dexterity (+3).
   It affects your accuracy and damage with ranged weapons and melee attacks
   (+2).
Jewellery
 e - a ring of protection from magic (left hand)
Wands
 f - a wand of enslavement (6)
 k - a wand of digging (6)
Potions
 d - a potion of might
 g - a potion of agility
 i - a potion of curing
Comestibles
 j - 3 rations


   Skills:
 + Level 5.2 Fighting
 + Level 4.0 Short Blades
 + Level 4.2 Dodging
 + Level 0.5 Stealth
 + Level 3.8 Shields
 + Level 0.6 Evocations


You had 5 spell levels left.
You didn't know any spells.

Dungeon Overview and Level Annotations

Branches:
Dungeon (7/15)
 Temple: D:4-7

Altars:
Dithmenos

Annotations:
D:3 Robin
D:4 Blork the orc


Innate Abilities, Weirdness & Mutations

You are too large for most types of armour.
You have tough skin. (AC +1)
You have an increased reservoir of magic. (+10% MP)
Your natural rate of healing is unusually fast.
Your muscles are strong. (Str +2)


Message History

Your jackal bites the jelly.
Your jackal is burned by acid!
The jackal closely misses your jackal.
Your jackal bites the jelly.
Your jackal is burned by acid!
Your jackal dies!
You hit the jelly. You freeze the jelly.
Your hands burn!
* * * LOW HITPOINT WARNING * * *
The jelly is heavily wounded.
The jelly hits you.
* * * LOW HITPOINT WARNING * * *
The acid corrodes you!
You are splashed with acid!
The acid burns!
* * * LOW HITPOINT WARNING * * *
You hit the jelly but do no damage. The acid corrodes you!
Your hands burn!
* * * LOW HITPOINT WARNING * * *
The jelly is heavily wounded.
The jelly hits you.
* * * LOW HITPOINT WARNING * * *
You are splashed with acid!
The acid burns!
You die...

....# ..h#+##
#####....#
#........#
.h.##........#
............h#
..####+#####h#
#J# #@# #.#
#.. ##.# ..
#.# .. #.#


You could see a jelly and 3 jackals.

Vanquished Creatures
  2 bullfrogs (D:6)
  A wyvern skeleton (D:6)
  A crimson imp (D:5)
  A jelly (D:2)
  The ghost of Iko the Ducker, a weakling DEGl (D:5)
  3 adders
  A shadow imp (D:4)
  A dart slug (D:1)
  A worm (D:2)
  2 leopard geckos
  6 orcs
  A ball python (D:3)
  4 giant cockroaches
  12 goblins
  5 hobgoblins
  8 bats
  6 frilled lizards
  3 kobolds
  2 rats (D:1)
61 creatures vanquished.

Vanquished Creatures (collateral kills)
  Menkaure (D:5)
  Ijyb (D:5)
  An adder (D:5)
3 creatures vanquished.

Vanquished Creatures (others)
  A jackal (D:7)
  2 goblins (D:3)
3 creatures vanquished.

Grand Total: 67 creatures vanquished

Notes
Turn   | Place    | Note
-------+----------+-------------------------------------------
     0 | D:1      | Iko the Ogre Fighter began the quest for the Orb.
     0 | D:1      | Reached XP level 1. HP: 24/24 MP: 1/1
   117 | D:2      | Gained mutation: Your natural rate of healing is unusually fast. [potion of mutation]
   117 | D:2      | Gained mutation: You have an increased reservoir of magic. (+10% MP) [potion of mutation]
   117 | D:2      | Gained mutation: Your muscles are strong. (Str +2) [potion of mutation]
   191 | D:1      | Reached XP level 2. HP: 26/32 MP: 2/2
   505 | D:2      | Found a shadowy altar of Dithmenos.
   513 | D:2      | Became a worshipper of Dithmenos the Shadowed
   549 | D:2      | Reached XP level 3. HP: 35/40 MP: 3/3
   600 | D:2      | Reached XP level 4. HP: 27/49 MP: 4/4
  1174 | D:3      | Noticed Robin
  1423 | D:4      | Reached XP level 5. HP: 53/55 MP: 5/5
  1456 | D:5      | Entered Level 5 of the Dungeon
  1457 | D:5      | Noticed Iko's ghost (weakling DEGl)
  1470 | D:5      | Noticed Menkaure
  1481 | D:5      | Killed Menkaure
  1493 | D:5      | Noticed Ijyb
  1529 | D:5      | Killed Ijyb
  1529 | D:5      | Reached * piety under Dithmenos
  1560 | D:4      | Noticed Blork the orc
  1579 | D:5      | Killed Iko's ghost
  1631 | D:5      | Reached XP level 6. HP: 65/65 MP: 6/6
  2098 | D:6      | Reached skill level 5 in Fighting
  2169 | D:7      | Got a pair of smoking gloves
  2174 | D:7      | Splashed by a jelly's acid

Skill      XL: |  1  2  3  4  5  6 |
---------------+-------------------+-----
Dodging        | 3 4 |  4.2
Short Blades   | 2 3 4 |  4.0
Shields        | 3 |  3.8
Fighting       | 5 |  5.2
Stealth        | |  0.5
Evocations     | |  0.6

Action                   |  1- 3 |  4- 6 || total
-------------------------+-------+-------++-------
Melee: Rapier            |    75 |    59 ||   134
       Dagger            |       |   123 ||   123
Evoke: Wand              |       |     8 ||     8
  Use: Potion            |     3 |       ||     3
       Scroll            |     3 |     3 ||     6
  Eat: Ration            |       |     1 ||     1
Armor: Robe              |    38 |    26 ||    64
Dodge: Dodged            |    35 |    56 ||    91
Block: Shield            |    49 |    65 ||   114
